 Dungeon Crawl Stone Soup version 0.31-a0-233-g139696dc86 (webtiles) character file.

Game seed: 16342449645774396593

102 qw the Shooter (level 4, -1/36 HPs)
             Began as a Minotaur Hexslinger on July 7, 2023.
             Slain by a sleepcap (3 damage)
             ... on level 3 of the Dungeon.
             The game lasted 00:00:54 (1989 turns).

qw the Shooter (Minotaur Hexslinger)                Turns: 1989, Time: 00:00:55

Health: -1/36      AC:  5    Str: 12 (13) XL:     4   Next: 49%
Magic:  4/4        EV:  2    Int:  8 (10) God:
Gold:   129        SH:  0    Dex: 11 (14) Spells: 4/5 levels left

rFire   . . .        Y - +1 sling
rCold   . . .        (no shield)
rNeg    + . .        a - +0 ring mail
rPois   .            (helmet restricted)
rElec   .            (no cloak)
rCorr   .            (no gloves)
SInv    .            (no boots)
Will    .....        (no amulet)
Stlth   +            i - ring of positive energy
HPRegen 0.26/turn    (no ring)
MPRegen 0.09/turn

%: no passive effects
@: sleeping
A: horns 2, retaliatory headbutt
a: no special abilities


You were on level 3 of the Dungeon.
You visited 1 branch of the dungeon, and saw 3 of its levels.

You collected 129 gold pieces.


Innate Abilities, Weirdness & Mutations

You have a pair of horns on your head.
You reflexively headbutt those who attack you in melee.


   Skills:
 - Level 2.0 Fighting
 + Level 4.9 Ranged Weapons
 - Level 1.0 Armour
 - Level 2.1 Dodging
 - Level 1.0 Spellcasting
 - Level 2.0 Hexes


You had 4 spell levels left.
You knew the following spells:

 Your Spells              Type           Power      Damage    Failure   Level
a - Slow                  Hex            12%        N/A       36%         1

Your spell library contained the following spells:

 Spells                   Type           Power      Damage    Failure   Level
 Inner Flame              Hex/Fire       2%         N/A       87%         3
 Portal Projectile        Hex/Tloc       4%         N/A       87%         3
 Cause Fear               Hex            1%         N/A       98%         4

Inventory:

Hand Weapons
 Y - a +1 sling (weapon)
Armour
 a - a +0 ring mail (worn)
Jewellery
 i - a ring of positive energy (left hand)
 j - a +6 ring of intelligence
Scrolls
 b - a scroll of acquirement {unknown}
 c - a scroll of silence {unknown}
 f - a scroll of summoning {unknown}
Potions
 d - a potion of magic {unknown}
 e - 2 potions of heal wounds {unknown}
 g - a potion of lignification {unknown}
 h - a potion of attraction {unknown}

Dungeon Overview and Level Annotations

Branches:
Dungeon (3/15)

Altars:

Shops:
D:1 =!!(   D:2 [


Message History

You shoot a sling bullet.
The sling bullet hits the sleepcap but does no damage.
The sleepcap is moderately damaged.
The sleepcap releases spores at you.
You are engulfed in a cloud of soporific spores!
You fall asleep.
The sleepcap releases spores at you.
You wake up.
You shoot a sling bullet.
The sling bullet hits the sleepcap but does no damage.
The sleepcap is moderately damaged.
The sleepcap releases spores at you.
You shoot a sling bullet. The sling bullet hits the sleepcap.
The sleepcap is moderately damaged.
The sleepcap barely misses you.
You shoot a sling bullet. The sling bullet hits the sleepcap.
The sleepcap is heavily damaged.
The sleepcap barely misses you.
You shoot a sling bullet. The sling bullet hits the sleepcap.
The sleepcap is severely damaged.
The sleepcap releases spores at you.
You are engulfed in a cloud of soporific spores!
You fall asleep.
The sleepcap releases spores at you but does no damage.
The sleepcap releases spores at you!!
You wake up.
Ouch! That really hurt!
You are engulfed in a cloud of soporific spores!
You are unaffected.
You shoot a sling bullet. The sling bullet hits the sleepcap.
The sleepcap is severely damaged.
The sleepcap barely misses you.
You shoot a sling bullet. The sling bullet hits the sleepcap.
The sleepcap is severely damaged.
The sleepcap barely misses you.
You shoot a sling bullet. The sling bullet hits the sleepcap.
The sleepcap is severely damaged.
The sleepcap releases spores at you.
You are engulfed in a cloud of soporific spores!
You fall asleep.
The sleepcap releases spores at you but does no damage.
The sleepcap releases spores at you.
You die...

### #...##### #.(.....#
......f.# #@# #># ######
#######.###########.....
.......................#
#######.###...#####.##.#
#.#....:..###.##.#
######.#..............#
.......#..[.....####..#
.............##.# #..#


You could see a sleepcap.

Vanquished Creatures
  3 adders
  2 worms
  2 dart slugs (D:2)
  2 orcs
  7 endoplasms
  3 giant cockroaches
  7 hobgoblins
  6 jackals
  2 kobolds
  3 ball pythons
  9 bats
  3 frilled lizards
  4 goblins
  9 rats
62 creatures vanquished.

Notes
Turn   | Place    | Note
-------+----------+-------------------------------------------
     0 | D:1      | qw the Minotaur Hexslinger began the quest for the Orb.
     0 | D:1      | Reached XP level 1. HP: 16/16 MP: 1/1
     0 | D:1      | 0 ||| qw: Version: 0.3-a-46-gb1f654a
     0 | D:1      | 0 ||| qw: Game counter: 3323
     0 | D:1      | 0 ||| qw: Melee chars always use a shield: true
     0 | D:1      | 0 ||| qw: God list: Okawaru
     0 | D:1      | 0 ||| qw: Allow faded altars: false
     0 | D:1      | 0 ||| qw: Do Orc after clearing Dungeon:15 true
     0 | D:1      | 0 ||| qw: Do second Lair branch before Depths: true
     0 | D:1      | 0 ||| qw: Lair rune preference: random
     0 | D:1      | 0 ||| qw: Goals: Normal
     0 | D:1      | 0 ||| PLANNING D:1-11
   110 | D:1      | Found Ibrac's Weapon Shop.
   118 | D:1      | 118 ||| SHOPLISTING +2 triple crossbow of flaming (390
                  | gold, have 9).
   118 | D:1      | 118 ||| SHOPLISTING +3 greatsling "Punk" {acid, rCorr} (406
                  | gold, have 9).
   183 | D:1      | Reached skill level 3 in Ranged Weapons
   183 | D:1      | Reached XP level 2. HP: 23/23 MP: 2/2
   275 | D:1      | Found Eklome's Distillery.
   285 | D:1      | 285 ||| SHOPLISTING potion of curing (36 gold, have 21).
   285 | D:1      | 285 ||| SHOPLISTING potion of heal wounds (60 gold, have
                  | 21).
   285 | D:1      | 285 ||| SHOPLISTING potion of might (48 gold, have 21).
   285 | D:1      | 285 ||| SHOPLISTING potion of mutation (96 gold, have 21).
   285 | D:1      | 285 ||| SHOPLISTING potion of resistance (120 gold, have
                  | 21).
   365 | D:1      | Found Huntuss's Jewellery Shop.
   370 | D:1      | 370 ||| SHOPLISTING ring "Iphusoas" {rF+ rN+ Slay-6 Stlth+}
                  | (250 gold, have 38).
   370 | D:1      | 370 ||| SHOPLISTING ring of fire (250 gold, have 38).
   370 | D:1      | 370 ||| SHOPLISTING ring of poison resistance (200 gold,
                  | have 38).
   385 | D:1      | Found Muub's Distillery.
   393 | D:1      | 393 ||| SHOPLISTING potion of enlightenment (70 gold, have
                  | 38).
   393 | D:1      | 393 ||| SHOPLISTING potion of heal wounds (70 gold, have
                  | 38).
   393 | D:1      | 393 ||| SHOPLISTING potion of might (56 gold, have 38).
   393 | D:1      | 393 ||| SHOPLISTING potion of mutation (112 gold, have 38).
   553 | D:1      | Reached XP level 3. HP: 29/29 MP: 3/3
   741 | D:1      | 741 ||| UPGRADING to +0 leather armour.
   751 | D:1      | 751 ||| DROPPING +0 robe.
   752 | D:1      | 752 ||| UPGRADING to ring of positive energy.
   753 | D:1      | 753 ||| READING scroll labelled QIZIDA AMIWKO.
   754 | D:1      | 754 ||| READING scroll labelled XYRIOK NINO.
   755 | D:1      | 755 ||| DRINKING 2 smoky pink potions.
   756 | D:1      | 756 ||| DROPPING scroll of poison.
   757 | D:1      | 757 ||| DROPPING potion of degeneration.
   868 | D:2      | Reached skill level 4 in Ranged Weapons
   942 | D:2      | Found Runteist's Antique Armour Emporium.
   950 | D:2      | 950 ||| SHOPLISTING embroidered robe (118 gold, have 69).
   950 | D:2      | 950 ||| SHOPLISTING pair of gloves (144 gold, have 69).
  1281 | D:2      | Reached XP level 4. HP: 36/36 MP: 4/4
  1608 | D:2      | 1608 ||| UPGRADING to +0 ring mail.
  1618 | D:2      | 1618 ||| DROPPING +0 leather armour.
  1619 | D:2      | 1619 ||| READING scroll labelled ISYAKHO ICVOAKAYS.
  1620 | D:2      | 1620 ||| READING scroll labelled XEUTUWKU VUPT.
  1621 | D:2      | 1621 ||| READING scroll labelled ZEYZER VUUSIM.
  1633 | D:3      | Reached skill level 1 in Armour
  1636 | D:3      | 1636 ||| STAIRDANCE
  1985 | D:3      | HP: 5/36 [sleepcap (18)]
  1988 | D:3      | HP: 2/36 [sleepcap (4)]
  1989 | D:3      | Slain by a sleepcap

Levels and vault maps discovered:
D:1:      dpeg_arrival_three_same_balls, layout_basic, serial_shops,
          nicolae_shop_rolling_square, shop, shop, nicolae_lakefront_shop,
          minmay_pentomino_q2
D:2:      layout_basic, serial_shops, shop, minmay_misc_feat_columns,
          dreamdust_princess_bridge, serial_park_tiny_pond,
          kennysheep_cluttered_room
D:3:      layout_loops_ring, st_stairs_4

Skill      XL: |  1  2  3  4 |
---------------+-------------+-----
Ranged Weapons | 3 4 |  4.9
Fighting       | 2 |  2.0
Armour         | 1 |  1.0
Dodging        | |  2.1
Spellcasting   | |  1.0
Hexes          | |  2.0

Action                     |  1- 3 |  4- 6 || total
---------------------------+-------+-------++-------
   Fire: Sling             |   123 |    75 ||   198
    Use: Scroll            |     2 |     3 ||     5
         Potion            |     1 |       ||     1
 Armour: Robe              |     3 |       ||     3
         Leather armour    |     5 |       ||     5
         Ring mail         |       |    14 ||    14
  Dodge: Dodged            |    27 |    24 ||    51

Table legend:
 A = Non-vault XP
 B = Vault XP
 C = Vault XP percentage of total XP
 D = Non-vault monster count
 E = Vault monster count
 F = Vault count percentage of total count
                 A         B        C        D         E       F
            +---------+---------+-------+---------+---------+-------
      Total |     137 |       9 |   6.2 |      58 |       4 |   6.5
            +---------+---------+-------+---------+---------+-------
        D:1 |      40 |       4 |   9.1 |      25 |       2 |   7.4
        D:2 |      63 |       0 |   0.0 |      20 |       0 |   0.0
        D:3 |      34 |       5 |  12.8 |      13 |       2 |  13.3
            +---------+---------+-------+---------+---------+-------
